 Dungeon Crawl Stone Soup version 0.29.1-12-g30fa7ad0bf (webtiles) character file.

Game seed: 12030846005030308877

522 DocClef the Shield-Bearer (level 7, -10/60 HPs)
             Began as a Gnoll Fighter on Jan 11, 2023.
             Mangled by a two-headed ogre
             ... wielding a +0 giant spiked club
              (17 damage)
             ... on level 4 of the Dungeon.
             The game lasted 00:02:55 (3075 turns).

DocClef the Shield-Bearer (Gnoll Fighter)           Turns: 3075, Time: 00:02:55

Health: -10/60     AC:  7    Str: 17    XL:     7   Next: 22%
Magic:  10/10      EV: 10    Int:  7    God:
Gold:   208        SH:  6    Dex: 18    Spells: 10/10 levels left

rFire   . . .      SeeInvis +   a - +0 war axe
rCold   . . .      Faith    .   c - +0 buckler
rNeg    . . .      Spirit   .   b - +0 scale mail
rPois   .          Reflect  .   (no helmet)
rElec   .          Harm     .   (no cloak)
rCorr   .          Rampage  .   (no gloves)
Will    .....                   (no boots)
Stlth   +.........              (no amulet)
HPRegen 0.20/turn               e - +6 ring of dexterity
MPRegen 0.12/turn               f - ring of see invisible

@: no status effects
A: fangs 1, strong nose, distributed training
a: no special abilities


You were on level 4 of the Dungeon.
You visited 1 branch of the dungeon, and saw 4 of its levels.

You collected 208 gold pieces.

Inventory:

Hand Weapons
 a - a +0 war axe (weapon)
Armour
 b - a +0 scale mail (worn)
 c - a +0 buckler (worn)
Jewellery
 e - a +6 ring of dexterity (left hand)
 f - a ring of see invisible (right hand)
 h - a ring of wizardry
Scrolls
 d - a scroll of noise {unknown}
 g - a scroll of enchant armour {unknown}
 k - 4 scrolls of identify {unknown}
 o - a scroll of blinking {unknown}
 q - a scroll of teleportation {unknown}
Potions
 i - a potion of cancellation {unknown}
 j - 2 potions of degeneration {unknown}
 l - 6 potions of curing {unknown}
 m - a potion of invisibility {unknown}
 n - 4 potions of haste {unknown}
 p - a potion of mutation {unknown}
 r - a potion of flight {unknown}
 s - a potion of brilliance {unknown}


   Skills:
 + Level 7.0 Fighting
 + Level 2.4 Short Blades
 + Level 2.4 Long Blades
 + Level 5.2 Axes
 + Level 2.4 Maces & Flails
 + Level 2.4 Polearms
 + Level 2.4 Staves
 + Level 2.4 Ranged Weapons
 + Level 2.4 Throwing
 + Level 7.0 Armour
 + Level 2.4 Dodging
 + Level 2.4 Stealth
 + Level 7.0 Shields
 + Level 2.4 Unarmed Combat
 + Level 2.4 Spellcasting
 + Level 2.0 Conjurations
 + Level 2.0 Hexes
 + Level 2.0 Summonings
 + Level 2.0 Necromancy
 + Level 2.0 Translocations
 + Level 2.0 Transmutations
 + Level 2.0 Fire Magic
 + Level 2.0 Ice Magic
 + Level 2.0 Air Magic
 + Level 2.0 Earth Magic
 + Level 2.0 Poison Magic
 + Level 2.7 Invocations
 + Level 2.4 Evocations


You had 10 spell levels left.
You didn't know any spells.
Your spell library contained the following spells:

 Spells                   Type           Power      Damage    Failure   Level
 Foxfire                  Conj/Fire      12%        2x1d4     52%         1
 Sting                    Tmut/Pois      12%        1d3       52%         1
 Ensorcelled Hibernation  Hex/Ice        6%         N/A       65%         2
 Passwall                 Tmut/Erth      2%         N/A       65%         2
 Poisonous Vapours        Pois/Air       6%         N/A       65%         2
 Conjure Flame            Conj/Fire      3%         6-21      87%         3
 Ignite Poison            Fire/Tmut/Pois 3%         N/A       87%         3
 Inner Flame              Hex/Fire       3%         N/A       87%         3
 Swiftness                Air            3%         N/A       87%         3
 Flame Wave               Conj/Fire      3%         2d5       99%         4
 Olgreb's Toxic Radiance  Pois           3%         N/A       99%         4
 Sticky Flame             Conj/Fire      3%         2d3       99%         4
 Dispersal                Tloc           1%         N/A       100%        6
 Disjunction              Tloc           1%         N/A       100%        8


Dungeon Overview and Level Annotations

Branches:
Dungeon (4/15)
 Temple: D:4-7

Altars:
Gozag
Zin


Innate Abilities, Weirdness & Mutations

You have very sharp teeth.
Your uncanny sense of smell can sniff out nearby items.
Your experience applies equally to all skills.


Message History

There is an open door, spattered with blood here.
There is an escape hatch in the ceiling here.
Found an escape hatch in the floor.
Found a scale mail.
A kobold is nearby!
A kobold is nearby!
A two-headed ogre comes into view.
It is wielding a +0 giant spiked club and a +0 giant club.
The two-headed ogre shouts in stereo!
The kobold shouts!
You slash the two-headed ogre!
You bite the two-headed ogre, but do no damage.
The two-headed ogre is lightly wounded.
The two-headed ogre hits you with a +0 giant spiked club!
The two-headed ogre closely misses you.
An orc comes into view. It is wielding a +0 short sword.
You block the kobold's attack.
The orc shouts!
You slash the two-headed ogre!
The two-headed ogre is heavily wounded.
You barely miss the kobold. You block the two-headed ogre's attack.
The two-headed ogre barely misses you. The kobold closely misses you.
Unknown command.
You barely miss the two-headed ogre.
The two-headed ogre is heavily wounded.
You barely miss the kobold.
The two-headed ogre hits you with a +0 giant spiked club!!
The two-headed ogre hits you with a +0 giant club!
* * * LOW HITPOINT WARNING * * *
The kobold misses you.
You hit the two-headed ogre.
The two-headed ogre is heavily wounded.
You barely miss the kobold. The kobold hits you with a +0 mace.
* * * LOW HITPOINT WARNING * * *
The two-headed ogre misses you. You block the two-headed ogre's attack.
Unknown command.
You slash the two-headed ogre!
The two-headed ogre is severely wounded.
You closely miss the kobold.
The kobold hits you but does no damage. x2
You block the two-headed ogre's attack.
The two-headed ogre hits you with a +0 giant club!
You die...

.. .. .. '## ... ∆
..#.... #### ∆
#..#.... ##..# #..'..
+...# #########Oo#
#...# #.......@K.#
#.... #.........#
##..# .##.........#
.#####..##
............#∆.
........#.
......>.....#
...........#
....##..##..#
.......##... ###
#..##..# .....##.#.)
#....#..#####...#.##.†
#.[..#......#...###..#


You could see a two-headed ogre, an orc and a kobold.

Vanquished Creatures
  Sigmund (D:3)
  An ice beast (D:3)
  A scorpion (D:3)
  A jelly (D:4)
  3 orc wizards (D:4)
  2 adders (D:2)
  5 worms
  4 dart slugs
  3 orcs
  8 endoplasms
  3 giant cockroaches
  8 goblins
  5 hobgoblins
  4 jackals (D:1)
  9 kobolds
  3 quokkas
  8 ball pythons
  6 bats
  7 frilled lizards
  2 rats (D:1)
84 creatures vanquished.

Notes
Turn   | Place    | Note
-------+----------+-------------------------------------------
     0 | D:1      | DocClef the Gnoll Fighter began the quest for the Orb.
     0 | D:1      | Reached XP level 1. HP: 23/23 MP: 1/1
   222 | D:1      | Reached XP level 2. HP: 28/29 MP: 2/2
   471 | D:1      | Reached XP level 3. HP: 35/35 MP: 3/3
   628 | D:1      | Found a faded altar of an unknown god.
   662 | D:1      | Reached skill level 1 in Invocations
  1190 | D:2      | Reached skill level 1 in Short Blades
  1190 | D:2      | Reached skill level 1 in Long Blades
  1190 | D:2      | Reached skill level 1 in Maces & Flails
  1190 | D:2      | Reached skill level 1 in Polearms
  1190 | D:2      | Reached skill level 1 in Staves
  1190 | D:2      | Reached skill level 1 in Ranged Weapons
  1190 | D:2      | Reached skill level 1 in Throwing
  1190 | D:2      | Reached skill level 1 in Dodging
  1190 | D:2      | Reached skill level 1 in Stealth
  1190 | D:2      | Reached skill level 1 in Unarmed Combat
  1190 | D:2      | Reached skill level 1 in Spellcasting
  1190 | D:2      | Reached skill level 1 in Evocations
  1391 | D:2      | Reached XP level 4. HP: 41/41 MP: 5/5
  1703 | D:2      | Reached skill level 1 in Conjurations
  1703 | D:2      | Reached skill level 1 in Hexes
  1703 | D:2      | Reached skill level 1 in Summonings
  1703 | D:2      | Reached skill level 1 in Necromancy
  1703 | D:2      | Reached skill level 1 in Translocations
  1703 | D:2      | Reached skill level 1 in Transmutations
  1703 | D:2      | Reached skill level 1 in Fire Magic
  1703 | D:2      | Reached skill level 1 in Ice Magic
  1703 | D:2      | Reached skill level 1 in Air Magic
  1703 | D:2      | Reached skill level 1 in Earth Magic
  1703 | D:2      | Reached skill level 1 in Poison Magic
  1896 | D:3      | Noticed Sigmund
  1902 | D:3      | Noticed an ice beast
  1909 | D:3      | Killed Sigmund
  1910 | D:3      | Reached XP level 5. HP: 31/47 MP: 5/7
  1910 | D:3      | Reached XP level 6. HP: 35/53 MP: 5/8
  1917 | D:3      | Killed an ice beast
  1918 | D:3      | Reached skill level 5 in Axes
  2079 | D:3      | Found an opulent altar of Gozag.
  2287 | D:3      | Found a glowing silver altar of Zin.
  2761 | D:4      | Reached XP level 7. HP: 58/60 MP: 10/10
  3067 | D:4      | Noticed a two-headed ogre
  3075 | D:4      | Mangled by a two-headed ogre

Illustrated notes

Levels and vault maps discovered:
D:1:      wheals_arrival_linesprint, layout_loops_corners,
          ebering_ecumenical_altar_ruins, grunt_decor_junction
D:2:      layout_rooms, st_stairs_8
D:3:      layout_loops_cross, general_overflow_altar, grunt_gozag_breadcrumbs,
          minmay_pentangle, uniq_sigmund
D:4:      layout_gridville, kennysheep_mini, amethyst_overflow_temple_binary,
          minmay_bisected, uniq_grinder

Skill      XL: |  1  2  3  4  5  6  7 |
---------------+----------------------+-----
Invocations    | 1 2 |  2.7
Short Blades   | 1 2 |  2.4
Long Blades    | 1 2 |  2.4
Maces & Flails | 1 2 |  2.4
Polearms       | 1 2 |  2.4
Staves         | 1 2 |  2.4
Ranged Weapons | 1 2 |  2.4
Throwing       | 1 2 |  2.4
Dodging        | 1 2 |  2.4
Stealth        | 1 2 |  2.4
Unarmed Combat | 1 2 |  2.4
Spellcasting   | 1 2 |  2.4
Evocations     | 1 2 |  2.4
Conjurations   | 1 2 |  2.0
Hexes          | 1 2 |  2.0
Summonings     | 1 2 |  2.0
Necromancy     | 1 2 |  2.0
Translocations | 1 2 |  2.0
Transmutations | 1 2 |  2.0
Fire Magic     | 1 2 |  2.0
Ice Magic      | 1 2 |  2.0
Air Magic      | 1 2 |  2.0
Earth Magic    | 1 2 |  2.0
Poison Magic   | 1 2 |  2.0
Axes           | 5 |  5.2
Fighting       | 7 |  7.0
Armour         | 7 |  7.0
Shields        | 7 |  7.0

Action                   |  1- 3 |  4- 6 |  7- 9 || total
-------------------------+-------+-------+-------++-------
Melee: War axe           |    90 |    89 |    35 ||   214
       Bite              |     9 |     9 |     3 ||    21
  Use: Potion            |       |     1 |       ||     1
Armor: Scale mail        |    48 |    25 |    21 ||    94
Dodge: Dodged            |    38 |    42 |    28 ||   108
Block: Buckler           |    21 |    38 |    15 ||    74
